 Dungeon Sprint DCSS version 0.27.1-33-g824d729ab1 (webtiles) character file.

Game seed: 17522883568676076793

1700000 Descartes the Sorcerer (level 16, -11/126 HPs)
             Began as a Djinni Warper on Dec 21, 2021.
             Was an Initiate of Makhleb.
             Mangled by a meat berserker (48 damage)
             ... in the Dungeon (Sprint VIII: "Arena of Blood").
             The game lasted 00:01:33 (17 turns).

Descartes the Sorcerer (Djinni Warper)                Turns: 17, Time: 00:01:34

Health: -11/126    AC:  3    Str: 15    XL:     16   Next: 14%
Gold:   0          EV: 18    Int: 18    God:    Makhleb [......] SH:  0 Dex: 12

rFire    + + .     SeeInvis .   i - +∞ Axe of Woe
rCold    x . .     Faith    .   (shield currently unavailable)
rNeg     . . .     Spirit   .   b - +0 leather armour
rPois    ∞         Reflect  .   (no helmet)
rElec    .         Harm     .   (no cloak)
rCorr    .         Rampage  .   (no gloves)
Will     +....     NoTele   +   (boots unavailable)
Stlth    +.........             (no amulet)
HPRegen  0.31/turn              (no ring)
MPRegen  0.00/turn              (no ring)

@: flying
A: sickness immunity, fire resistance 2, cold vulnerability 1, float, innate
caster, hp casting, extra vitality 1
a: Renounce Religion


You were in the Dungeon.
You worshipped Makhleb.
Makhleb was noncommittal.
You visited 1 branch

Inventory:

Hand Weapons
 a - a +0 hand axe
 i - the +∞ Axe of Woe (weapon)
   (You found it in the Dungeon)
Missiles
 d - 5 boomerangs of dispersal (quivered)
Armour
 b - a +0 leather armour (worn)
Scrolls
 c - 2 scrolls of blinking
Potions
 e - a potion of curing
 f - a potion of heal wounds
 g - a potion of haste
 h - a potion of berserk rage


   Skills:
 + Level 15.6 Fighting
 + Level 15.2 Axes
 - Level 5.6 Throwing
 + Level 4.7 Armour
 + Level 16.3 Dodging
 + Level 0.0 Shields
 + Level 24.2 Spellcasting
 + Level 0.0 Invocations
 + Level 0.0 Evocations


You had 22 spell levels left.
You knew the following spells:

 Your Spells              Type           Power      Damage    Failure   Level
a - Blink                 Tloc           N/A        N/A       0%          2
b - Lesser Beckoning      Tloc           41%        N/A       0%          3
c - Gell's Gravitas       Tloc           41%        N/A       0%          3
d - Teleport Other        Tloc           83%        N/A       0%          3
e - Manifold Assault      Tloc           83%        N/A       0%          5
f - Sting                 Tmut/Pois      100%       1d8       0%          1
g - Wereblood             Tmut           83%        N/A       0%          2
h - Conjure Flame         Conj/Fire      83%        6-21      0%          3
i - Summon Guardian Gole  Hex/Summ       83%        N/A       0%          3
j - Lightning Bolt        Conj/Air       41%        1d60      0%          5
k - Silence               Hex/Air        41%        N/A       0%          5
l - Invisibility          Hex            41%        N/A       0%          6
Your spell library was empty.

Dungeon Overview and Level Annotations

Branches:
Dungeon (1/1)

Altars:
Makhleb


Innate Abilities, Weirdness & Mutations

You are immune to sickness and miasma.
You are immune to poison.
Your flesh is very heat resistant. (rF++)
You are vulnerable to cold. (rC-)
You float through the air rather than walking.
You learn spells naturally, not from books.
Your magical power is your life essence.
You have superior vitality. (+4 HP)


Message History

You hear a shout! x3
A bag of meat comes into view. It is wielding a +9 war axe.
You hear a shout! x3
The bag of meat moves out of view. x2
You hear a shout!
A meat berserker comes into view. It is wielding a +9 battleaxe.
Things that are here:
a +9 battleaxe; a +30 ring of slaying; a meat berserker corpse A bag of meat comes into view.
It is wielding a +9 war axe.
The meat berserker appears out of thin air!
A meat berserker comes into view. It is wielding a +9 battleaxe.
The bag of meat shouts! x3; The meat berserker shouts!
You hear a shout! x5
The meat berserker rages.
A bag of meat comes into view. It is wielding a +9 war axe.
You hear a shout!
A bag of meat comes into view. It is wielding a +9 war axe.
You hear a shout! x2; The bag of meat shouts!
The bag of meat appears out of thin air!
A bag of meat comes into view. It is wielding a +9 war axe.
The bag of meat appears out of thin air!
A bag of meat comes into view. It is wielding a +9 war axe.
The bag of meat shouts!
You hear a shout! x2
The meat berserker rages.
You hear a shout! x2
A bag of meat comes into view. It is wielding a +9 war axe.
You hear a shout! x7
The bag of meat shouts!
You hear a shout! x8
The meat berserker closely misses you.
You hear a shout!
You hear a shout! x6
A bag of meat comes into view. It is wielding a +9 war axe.
The meat berserker rages.
You hear a shout!
Unknown command.
The bag of meat shouts!
You hear a shout! x9
There is a burning altar of Makhleb here.
You hover solemnly before the altar of Makhleb.
Makhleb welcomes you!
The meat berserker hits you with a +9 battleaxe!!!
You die...

.. ..... ......... #.
.....# .........
#.......# .........
.###.. ....###..o.....
......###o............
....._......oo......
#.....#...)...#.#.
#_.o.@#..o........
..#...oO#..)...#.#.#
......_..O.O........
......###O...O....#.#
.###....oo.###oO......
#.......# .........
#.......# .........
..o...... ...oo....
.......... .#...#.


You could see 3 meat berserkers and 5 bags of meat.

Vanquished Creatures
  3 ogres (D)
3 creatures vanquished.

Notes
Turn   | Place    | Note
-------+----------+-------------------------------------------
     0 | D        | Found the +∞ Axe of Woe
     0 | D        | Descartes the Djinni Warper began the quest for the Orb.
     0 | D        | Reached XP level 1. HP: 18/18 MP: 0/0
     6 | D        | Noticed a meat berserker
     6 | D        | Noticed a meat berserker
     6 | D        | Noticed a meat berserker
     7 | D        | Killed a meat berserker
     8 | D        | Reached skill level 19 in Spellcasting
     8 | D        | Reached XP level 2. HP: 38/38 MP: 0/0
     8 | D        | Reached XP level 3. HP: 43/43 MP: 0/0
     8 | D        | Learned a level 1 spell: Sting
     8 | D        | Reached XP level 4. HP: 49/49 MP: 0/0
     8 | D        | Reached XP level 5. HP: 55/55 MP: 0/0
     8 | D        | Learned a level 2 spell: Wereblood
     8 | D        | Reached XP level 6. HP: 61/61 MP: 0/0
     8 | D        | Reached XP level 7. HP: 66/66 MP: 0/0
     8 | D        | Learned a level 3 spell: Conjure Flame
     8 | D        | Reached XP level 8. HP: 72/72 MP: 0/0
     8 | D        | Reached XP level 9. HP: 77/77 MP: 0/0
     8 | D        | Learned a level 3 spell: Summon Guardian Golem
     8 | D        | Reached XP level 10. HP: 84/84 MP: 0/0
     8 | D        | Reached XP level 11. HP: 89/89 MP: 0/0
     8 | D        | Learned a level 5 spell: Lightning Bolt
     8 | D        | Reached XP level 12. HP: 95/95 MP: 0/0
     8 | D        | Reached XP level 13. HP: 100/100 MP: 0/0
     8 | D        | Learned a level 5 spell: Silence
     9 | D        | Noticed a bag of meat
     9 | D        | Noticed a meat berserker
     9 | D        | Noticed a bag of meat
    10 | D        | Killed a meat berserker
    10 | D        | Killed a meat berserker
    10 | D        | Noticed a meat berserker
    10 | D        | Noticed a meat berserker
    10 | D        | Noticed a bag of meat
    10 | D        | Noticed a meat berserker
    10 | D        | Noticed a meat berserker
    11 | D        | Reached skill level 15 in Fighting
    11 | D        | Reached skill level 15 in Axes
    11 | D        | Reached skill level 5 in Throwing
    11 | D        | Reached skill level 24 in Spellcasting
    11 | D        | Reached XP level 14. HP: 31/114 MP: 0/0
    11 | D        | Reached XP level 15. HP: 33/120 MP: 0/0
    11 | D        | Learned a level 6 spell: Invisibility
    11 | D        | Reached XP level 16. HP: 35/126 MP: 0/0
    12 | D        | Noticed a meat berserker
    12 | D        | Noticed a meat berserker
    17 | D        | Became a worshipper of Makhleb the Destroyer
    17 | D        | Mangled by a meat berserker

Illustrated notes

Levels and vault maps discovered:
D:        meatsprint

Skill      XL: |  1  2  3  4  5  6  7  8  9 10 11 12 13 |
---------------+----------------------------------------+-----
Fighting       | 11 15 | 15.6
Axes           | 11 15 | 15.2
Throwing       | 4 5 |  5.6
Armour         | 3 4 |  4.7
Dodging        | 12 16 | 16.3
Spellcasting   | 19 24 | 24.2

Action                   |  1- 3 |  4- 6 |  7- 9 | 10-12 | 13-15 | 16-18 || total
-------------------------+-------+-------+-------+-------+-------+-------++-------
Melee: Executioner's axe |     1 |       |       |       |     1 |       ||     2
Dodge: Dodged            |       |       |       |       |     1 |     1 ||     2
